Map: Seeds of Aiur

Players

pryaniksex

  • Race: Protoss Protoss
  • Spawn Location: 1:00

УНИЧТОЖАТЕЛЬ

  • Race: Protoss Protoss
  • Spawn Location: 1:00

ILIEKEGGPIE - Winner!

  • Race: Protoss Protoss
  • League: Platinum
  • Spawn Location: 7:00

Dianeyra - Winner!

  • Race: Terran Terran
  • Spawn Location: 7:00

VOD

Have the link to the VOD?

Description

Time

  • Played on: April 11, 2018, 10:34 a.m.
  • Length: 14:37
Show
View Real Time Build Order
Export as new Build Order

pryaniksex Protoss 

Build Orders:  

Get SALT Encoding   

  12  0:02  Probe  
  13  0:14  Probe  
  14  0:26  Probe  
  15  0:29  Pylon  
  15  0:34  Assimilator  
  15  0:47  Probe  
  16  0:50  Gateway  
  16  0:57  Pylon  
  16  0:59  Probe  
  17  1:11  Probe  
  18  1:23  Gateway, Probe  
  19  1:29  Gateway  
  19  1:35  Probe  
  20  1:42  Assimilator  
  20  1:46  Pylon  
  20  1:47  Probe  
  21  1:56  Zealot  
  23  2:06  Cybernetics Core  
  23  2:18  Zealot x2  
  27  2:39  Probe  
  28  2:47  Warp Gate  
  28  2:51  Stalker  
  30  2:52  Stalker  
  30  2:53  Stalker  
  34  3:02  Pylon  
  34  3:06  Pylon  
  34  3:19  Twilight Council  
  34  3:23  Probe  
  35  3:50  Nexus  
  31  4:09  Pylon  
  28  4:10  Probe  
  29  4:22  Probe  
  30  4:27  Forge  
  30  4:39  Probe  
  30  4:43  Blink  
  31  4:56  Probe  
  32  5:08  Probe  
  32  5:13  Stalker  
  32  5:14  Stalker  
  37  5:20  Probe  
  38  5:26  Probe  
  39  5:32  Probe  
  40  5:38  Probe  
  40  5:41  Stalker x3  
  47  5:44  Probe  
  47  5:48  Protoss Ground Weapons Level 1, Photon Cannon  
  47  5:49  Photon Cannon  
  48  5:50  Probe  
  48  5:56  Probe  
  50  5:59  Pylon  
  50  6:00  Photon Cannon  
  50  6:02  Probe  
  46  6:14  Probe  
  46  6:15  Probe  
  48  6:26  Probe  
  48  6:27  Probe  
  48  6:32  Pylon  
  50  6:35  Pylon  
  50  6:39  Probe x2  
  52  6:48  Stalker x3  
  52  6:51  Probe x2, Photon Cannon  
  58  7:03  Probe x2  
  47  7:15  Probe  
  48  7:21  Probe  
  47  7:25  Stalker  
  47  7:26  Stalker x2  
  47  7:27  Probe  
  54  7:33  Probe  
  52  7:39  Probe  
  52  7:45  Probe  
  53  7:51  Probe  
  53  7:57  Stalker, Probe  
  53  7:58  Stalker x2  
  61  8:03  Probe  
  62  8:09  Probe  
  62  8:11  Stargate  
  63  8:14  Stargate  
  64  8:20  Probe  
  64  8:23  Assimilator  
  64  8:27  Assimilator, Protoss Ground Weapons Level 2  
  64  8:32  Probe  
  66  8:41  Probe  
  66  8:44  Probe  
  67  8:48  Stalker x3  
  67  8:53  Probe  
  74  8:56  Probe  
  75  9:08  Probe  
  76  9:17  Nexus  
  76  9:19  Stalker x2, Pylon  
  76  9:22  Stalker  
  82  9:25  Assimilator x2  
  78  9:45  Stalker x3  
  80  9:59  Void Ray  
  84  10:06  Void Ray  
  88  10:08  Protoss Air Weapons Level 1  
  88  10:27  Stalker  
  88  10:28  Stalker x2  
  94  10:42  Void Ray, Probe  
  99  10:54  Probe  
  100  10:58  Pylon  
  100  10:59  Pylon  
  100  11:01  Stalker x2  
  100  11:02  Stalker, Pylon  
  106  11:06  Probe  
  106  11:09  Probe  
  108  11:12  Probe  
  109  11:19  Probe  
  109  11:20  Photon Cannon  
  109  11:21  Probe  
  109  11:24  Probe  
  112  11:27  Void Ray  
  112  11:29  Void Ray  
  112  11:31  Probe  
  121  11:33  Probe  
  121  11:36  Probe  
  121  11:39  Stalker  
  125  11:40  Stalker x2  
  125  11:43  Probe  
  125  11:44  Protoss Ground Weapons Level 3  
  130  12:03  Pylon  
  130  12:04  Pylon  
  130  12:09  Stalker x2, Void Ray  
  130  12:10  Stalker  
  130  12:12  Void Ray  
  144  12:22  Fleet Beacon  
  144  12:30  Protoss Air Armor Level 1  
  144  12:33  Probe  
  145  12:45  Probe  
  146  12:54  Probe  
  146  12:55  Void Ray  
  146  12:57  Probe  
  152  13:04  Stalker x2  
  152  13:05  Stalker  
  158  13:06  Probe  
  157  13:18  Probe  
  50  13:29  Stalker x3  
Show
View Real Time Build Order
Export as new Build Order

УНИЧТОЖАТЕЛЬ Protoss 

Build Orders:  

Get SALT Encoding   

  12  0:16  Assimilator  
  12  0:18  Assimilator  
  12  0:32  Pylon  
  12  0:50  Gateway  
  12  1:01  Probe (Chrono Boost)  
  14  1:12  Probe (Chrono Boost)  
  14  1:17  Probe (Chrono Boost)  
  15  1:27  Probe  
  16  1:38  Zealot  
  16  1:39  Probe  
  19  1:51  Probe  
  20  1:55  Forge  
  20  2:03  Probe, Pylon  
  21  2:16  Probe  
  22  2:34  Photon Cannon  
  22  2:37  Photon Cannon  
  22  3:05  Nexus  
  22  3:31  Probe  
  23  3:38  Cybernetics Core  
  23  3:43  Probe  
  24  3:55  Probe, Pylon  
  25  4:03  Pylon  
  25  4:07  Probe  
  26  4:20  Probe  
  27  4:47  Probe (Chrono Boost)  
  28  4:59  Probe (Chrono Boost)  
  26  5:04  Probe (Chrono Boost)  
  21  5:14  Probe  
  10  5:26  Probe  
  8  9:48  Probe  
  8  9:52  Probe  
  10  10:00  Probe  
  10  10:04  Probe  
  12  10:13  Probe  
  13  10:16  Probe  
  12  10:25  Probe  
  14  10:28  Probe  
  14  10:37  Probe  
  14  10:40  Probe  
  16  10:49  Probe  
  17  10:52  Probe  
  18  11:01  Probe  
  19  11:04  Probe  
  20  11:13  Probe  
  21  11:51  Probe  
  22  12:03  Probe  
  23  12:15  Probe  
  24  12:28  Probe  
  25  12:36  Probe  
  26  12:42  Assimilator  
  26  12:45  Probe  
  26  12:46  Assimilator  
  26  12:48  Probe  
  28  12:57  Probe  
  29  13:00  Probe  
  30  13:09  Probe  
Show
View Real Time Build Order
Export as new Build Order

ILIEKEGGPIE Protoss - Winner!

Build Orders: Oracle Opening 

Get SALT Encoding   

  12  0:01  Probe  
  13  0:13  Probe  
  14  0:18  Pylon  
  14  0:25  Probe (Chrono Boost)  
  15  0:37  Probe (Chrono Boost)  
  15  0:38  Gateway  
  16  0:45  Probe (Chrono Boost)  
  16  0:47  Assimilator  
  17  0:51  Probe  
  18  1:03  Probe  
  19  1:15  Probe  
  20  1:24  Gateway  
  20  1:26  Cybernetics Core  
  20  1:28  Probe  
  20  1:31  Pylon  
  21  1:37  Assimilator  
  21  1:41  Probe  
  22  1:55  Probe (Chrono Boost)  
  23  2:06  Stargate  
  23  2:07  Probe (Chrono Boost)  
  24  2:16  Stalker  
  26  2:29  Warp Gate (Chrono Boost)  
  26  2:43  Nexus  
  29  2:51  Oracle  
  28  3:06  Pylon  
  28  3:10  Stalker  
  30  3:15  Probe  
  33  3:30  Gateway  
  33  3:38  Shield Battery  
  33  3:40  Stalker  
  35  3:44  Oracle  
  36  3:56  Stalker  
  40  4:10  Probe (Chrono Boost)  
  40  4:15  Probe (Chrono Boost)  
  40  4:22  Robotics Facility  
  40  4:23  Probe (Chrono Boost)  
  41  4:39  Probe (Chrono Boost)  
  41  4:42  Assimilator  
  41  4:45  Probe (Chrono Boost)  
  43  4:47  Assimilator  
  43  4:52  Stalker x3  
  50  4:53  Probe (Chrono Boost)  
  50  5:24  Stalker x2  
  54  5:40  Pylon  
  54  5:44  Pylon  
  54  5:55  Warp Prism  
  54  5:58  Probe x2  
  58  6:23  Probe (Chrono Boost)  
  60  6:28  Probe (Chrono Boost)  
  60  6:32  Probe (Chrono Boost)  
  61  6:36  Gateway x2, Probe (Chrono Boost)  
  61  6:37  Probe (Chrono Boost)  
  61  6:38  Forge  
  63  6:47  Probe  
  64  6:49  Probe  
  61  6:59  Probe  
  61  7:01  Probe  
  61  7:06  Protoss Ground Weapons Level 1 (Chrono Boost)  
  57  7:11  Probe  
  56  7:21  Stalker x3  
  55  7:45  Immortal (Chrono Boost)  
  55  7:46  Stalker x3  
  55  7:47  Stalker  
  67  7:59  Probe  
  67  8:00  Probe  
  69  8:16  Pylon  
  69  8:18  Gateway, Pylon  
  69  8:20  Gateway, Pylon  
  69  8:32  Immortal (Chrono Boost)  
  73  8:49  Twilight Council  
  73  9:00  Protoss Ground Armor Level 1 (Chrono Boost)  
  73  9:16  Immortal (Chrono Boost)  
  73  9:17  Stalker x3  
  83  9:27  Robotics Facility  
  83  9:31  Robotics Facility  
  83  9:41  Blink (Chrono Boost)  
  83  9:47  Stalker x3  
  83  9:48  Sentry x2  
  93  10:02  Nexus  
  93  10:05  Pylon  
  93  10:07  Assimilator  
  93  10:21  Immortal (Chrono Boost)  
  102  10:31  Immortal x2 (Chrono Boost)  
  102  10:38  Pylon  
  102  10:41  Pylon  
  102  10:44  Pylon  
  102  10:51  Protoss Ground Weapons Level 2 (Chrono Boost)  
  102  10:57  Forge  
  102  11:05  Pylon x3  
  102  11:08  Immortal (Chrono Boost)  
  114  11:18  Immortal x2 (Chrono Boost)  
  114  11:35  Stalker x4  
  114  11:36  Stalker  
  114  11:37  Stalker  
  126  11:40  Immortal  
  130  12:17  Probe (Chrono Boost)  
  130  12:22  Probe (Chrono Boost)  
  133  12:23  Probe (Chrono Boost)  
  133  12:26  Probe (Chrono Boost)  
  136  12:30  Probe x2 (Chrono Boost)  
  136  12:32  Stalker x2  
  136  12:33  Stalker x2  
  136  12:34  Stalker x3  
  150  12:40  Nexus  
  150  12:41  Pylon  
  150  12:44  Pylon  
  150  12:58  Pylon x2  
  150  12:59  Assimilator  
  150  13:03  Assimilator  
  150  13:08  Pylon  
  140  13:13  Pylon  
  114  13:31  Stalker  
  114  13:32  Stalker x4  
  114  13:33  Stalker x2  
  136  13:34  Immortal x3  
Show
View Real Time Build Order
Export as new Build Order

Dianeyra Terran - Winner!

Build Orders:  

Get SALT Encoding   

  12  0:10  Supply Depot  
  12  0:14  SCV  
  13  0:26  SCV  
  14  0:35  Supply Depot  
  14  0:51  SCV  
  15  1:02  Barracks  
  15  1:09  SCV  
  16  1:21  SCV  
  17  1:29  Barracks  
  17  1:33  SCV  
  17  1:39  Supply Depot  
  18  1:45  Refinery, SCV  
  19  1:53  Refinery  
  19  1:54  Marine  
  20  1:57  SCV  
  21  2:09  SCV  
  21  2:11  Marine  
  23  2:21  SCV  
  24  2:24  Bunker  
  24  2:29  Marine  
  25  2:34  SCV  
  25  2:36  Marine  
  27  2:46  SCV  
  27  2:47  Marine  
  29  2:53  Marine  
  29  2:54  Bunker  
  30  3:05  Command Center, Marine  
  31  3:07  SCV  
  31  3:11  Marine  
  33  3:21  Factory  
  33  3:39  Ghost Academy  
  33  3:51  Marine x2  
  35  4:00  SCV  
  36  4:09  Marine x2  
  38  4:12  SCV, Factory Tech Lab  
  38  4:13  Starport  
  39  4:35  Siege Tank  
  39  4:36  Engineering Bay  
  42  4:41  SCV  
  43  4:48  SCV  
  43  4:50  Starport  
  44  4:53  SCV  
  45  5:00  SCV  
  45  5:05  SCV  
  47  5:16  Barracks Reactor  
  47  5:17  SCV  
  48  5:22  Barracks Reactor  
  48  5:23  SCV  
  49  5:36  SCV  
  49  5:42  SCV  
  51  5:48  SCV  
  52  5:54  SCV  
  53  6:00  Starport Tech Lab, SCV  
  53  6:02  Supply Depot  
  54  6:04  Supply Depot  
  54  6:05  Supply Depot  
  54  6:17  Starport Tech Lab  
  54  6:24  SCV x2, Siege Tank  
  54  6:25  Marine x4  
  63  6:36  Terran Infantry Weapons Level 1, SCV  
  64  6:43  Marine x4  
  64  6:45  Engineering Bay  
  68  6:48  SCV  
  68  6:56  Siege Tank  
  68  7:00  Marine  
  68  7:01  Marine x3  
  67  7:18  Marine  
  67  7:19  Marine x3  
  68  7:40  SCV  
  69  7:52  SCV  
  69  7:57  Refinery  
  70  8:01  Refinery  
  70  8:15  Terran Infantry Armor Level 1  
  70  8:27  Command Center  
  70  8:31  Refinery  
  70  8:45  Fusion Core  
  70  8:49  Orbital Command  
  70  8:52  Orbital Command  
  70  8:57  Refinery  
  70  9:40  Bunker  
  70  9:43  Bunker  
  70  10:05  SCV  
  71  10:14  Battlecruiser x2  
  71  10:17  SCV  
  84  10:27  Marine  
  84  10:28  Marine x3  
  88  10:29  SCV  
  89  10:42  SCV  
  90  10:45  Marine x2  
  90  10:46  Marine  
  93  10:59  Supply Depot  
  93  11:01  Supply Depot  
  93  11:03  Supply Depot x2  
  93  11:20  Marine x2  
  93  11:21  Battlecruiser  
  93  11:23  Battlecruiser, Marine, SCV  
  93  11:24  Marine  
  93  11:25  Supply Depot  
  110  11:28  Supply Depot  
  110  11:29  Sensor Tower  
  110  11:34  Sensor Tower  
  110  11:36  Command Center  
  110  11:38  Marine x2, Missile Turret x2  
  112  11:41  Marine  
  112  11:42  Marine  
  114  11:52  Sensor Tower  
  114  11:55  Sensor Tower  
  114  11:56  Marine x2  
  114  11:58  Marine  
  114  12:00  Marine  
  118  12:14  Marine x2  
  120  12:16  Marine  
  120  12:18  Command Center, Marine  
  122  12:25  Battlecruiser  
  122  12:27  Battlecruiser  
  134  12:32  Marine x2  
  134  12:34  Marine  
  134  12:35  Marine  
  138  12:49  Marine x2  
  140  12:52  Marine  
  140  12:53  Marine  
  142  13:07  Marine x2  
  142  13:10  Marine  
  142  13:11  Marine  
  130  13:25  Marine x2  
  131  13:27  Marine  
  131  13:29  Marine  
Tags
 
Add a new tag
Caveats
  • Supply blocks, unpowered buildings, or Contaminate may cause inaccurate times.
  • Supply counts are checked every 10 seconds.